details: 'ud tower push ts'

« prev index next »

General information

Mini Map

Players

team 1
NightElfwishfulthinking (pink | 119 APM | 1741 actions | 14:35)
Hero icon 4 Warden
Ability icon 2 Shadow Strike
Ability icon 2 Blink
Hero icon 3 Pandaren Brewmaster
Ability icon 2 Breath of Fire
Ability icon 1 Drunken Haze

» actions
Assign group hotkey21
Basic commands36
Build / train56
ESC pressed1
Enter build submenu15
Enter hero's abilities submenu7
Give item / drop item1
Right click846
Select / deselect168
Select group hotkey517
Use ability73
1741 total
» units
Wisp19
Archer4
Dryad8
Druid of the Claw4
35 total
» upgrades
Druid of the Claw Training2
Abolish Magic1
Ultravision1
4 total
» buildings
Altar of Elders1
Moon Well5
Ancient of War1
Tree of Ages1
Hunter's Hall1
Ancient of Lore3
Ancient of Wonders1
Ancient Protector1
Tree of Eternity1
15 total
» build order
00:06 Altar of Elders
00:18 Moon Well
00:42 Ancient of War
01:39 Moon Well
02:33 Moon Well
02:51 Tree of Ages
03:14 Moon Well
03:42 Hunter's Hall
05:16 Ancient of Lore
05:17 Ancient of Lore
05:38 Ancient of Wonders
06:29 Ancient of Lore
07:43 Ancient Protector
08:45 Moon Well
09:32 Tree of Eternity
» items
Boots of Speed1
Potion of Healing2
Moonstone1
Scroll of Town Portal1
5 total
team 2
UndeadBlightened (yellow | 73 APM | 1063 actions | 14:34)
Hero icon 2 Death Knight
Ability icon 1 Death Coil
Ability icon 1 Unholy Aura
Hero icon 1 Goblin Tinker
Ability icon 1 Pocket Factory
Hero icon 1 Lich
Ability icon 1 Frost Nova

» actions
Assign group hotkey36
Basic commands2
Build / train42
Enter build submenu13
Enter hero's abilities submenu4
Give item / drop item3
Right click493
Select / deselect253
Select group hotkey174
Use ability43
1063 total
» units
Acolyte8
Ghoul5
Crypt Fiend6
Obsidian Statue1
20 total
» upgrades
Creature Attack1
1 total
» buildings
Crypt1
Altar of Darkness1
Ziggurat6
Tomb of Relics2
Graveyard1
Nerubian Tower2
Halls of the Dead1
Spirit Tower4
Black Citadel1
Slaughterhouse1
20 total
» build order
00:09 Crypt
00:13 Altar of Darkness
00:25 Ziggurat
01:07 Tomb of Relics
01:33 Graveyard
02:13 Nerubian Tower
02:51 Halls of the Dead
03:06 Ziggurat
03:54 Ziggurat
06:21 Ziggurat
06:22 Ziggurat
06:45 Ziggurat
07:15 Nerubian Tower
07:23 Spirit Tower
07:38 Spirit Tower
07:41 Tomb of Relics
09:47 Black Citadel
10:16 Slaughterhouse
11:56 Spirit Tower
12:21 Spirit Tower
» items
Rod of Necromancy2
Dust of Appearance1
Sacrificial Skull2
Potion of Healing1
6 total